 Dungeon Crawl Stone Soup version 0.27.1-1-g398f81649c (webtiles) character file.

Game seed: 11721933960327687531

505 H0rd4k the Magician (level 7, -2/42 HPs)
             Began as an Octopode Hedge Wizard on Sept 15, 2021.
             Slain by a wyvern (4 damage)
             ... on level 6 of the Dungeon.
             The game lasted 00:09:18 (6993 turns).

H0rd4k the Magician (Octopode Hedge Wizard)         Turns: 6993, Time: 00:09:19

Health: -2/42      AC:  5    Str:  8 (9)  XL:     7   Next: 18%
Magic:  15/15      EV: 13    Int: 18 (19) God:
Gold:   214        SH:  0    Dex:  8 (11) Spells: 14/17 levels left

rFire    . . .     SeeInvis .   a - +0 dagger
rCold    . . .     Faith    +   (no shield)
rNeg     . . .     Spirit   .   b - +0 hat
rPois    .         Reflect  .   m - amulet of faith
rElec    .         Harm     .   f - ring of resist corrosion
rCorr    +         Rampage  .   d - +4 ring of protection
Will     .....                  (no ring)
Stlth    ++........             (no ring)
HPRegen  0.14/turn              (no ring)
MPRegen  0.14/turn              (no ring)
                                (no ring)
                                (no ring)

@: silenced
A: almost no armour, amphibious, 8 rings, camouflage 1, gelatinous body 1,
(nimble swimmer 1), tentacles
a: no special abilities


You were on level 6 of the Dungeon.
You visited 1 branch of the dungeon, and saw 6 of its levels.

You collected 214 gold pieces.

Inventory:

Hand Weapons
 a - a +0 dagger (weapon)
Armour
 b - a +0 hat (worn)
Magical Staves
 s - a staff of fire
 v - a staff of cold
Jewellery
 d - a +4 ring of protection (right tentacle)
 f - a ring of resist corrosion (left tentacle)
 m - an amulet of faith (around mantle)
Wands
 t - a wand of flame (23)
 u - a wand of polymorph (6)
Scrolls
 c - a scroll of silence
 e - a scroll of enchant weapon {unknown}
 j - 2 scrolls of enchant armour {unknown}
 l - a scroll of holy word {unknown}
 n - 2 scrolls of noise {unknown}
 p - a scroll of teleportation {unknown}
 r - a scroll of immolation {unknown}
 y - a scroll of identify {unknown}
 A - a scroll of fear {unknown}
Potions
 g - 2 potions of curing {unknown}
 h - a potion of resistance {unknown}
 i - 2 potions of lignification {unknown}
 k - a potion of degeneration
 o - 2 potions of might
 q - a potion of brilliance {unknown}
 w - a potion of berserk rage {unknown}
 x - 2 potions of haste {unknown}
 z - a potion of magic {unknown}


   Skills:
 + Level 0.7 Fighting
 + Level 2.7 Dodging
 + Level 3.5 Stealth
 + Level 5.8 Spellcasting
 + Level 4.0 Conjurations
 + Level 1.0 Summonings
 + Level 1.0 Translocations


You had 14 spell levels left.
You knew the following spells:

 Your Spells              Type           Power      Damage    Failure   Level
a - Magic Dart            Conj           76%        1d6       2%          1
b - Blink                 Tloc           N/A        N/A       12%         2

Your spell library contained the following spells:

 Spells                   Type           Power      Damage    Failure   Level
 Call Imp                 Summ           8%         N/A       12%         2
 Conjure Flame            Conj/Fire      12%        6-21      16%         3
 Slow                     Hex            5%         N/A       19%         2
 Mephitic Cloud           Conj/Pois/Air  10%        N/A       22%         3


Dungeon Overview and Level Annotations

Branches:
Dungeon (6/15)
 Temple: D:4-7

Altars:
Dithmenos
Nemelex Xobeh
Qazlal
The Shining One

Shops:
D:1 !

Annotations:
D:2 exclusion: 2 downstairs
D:3 3 runed translucent doors, exclusion: 3 doors, execc's ghost, amateur OpEn
D:4 exclusion: downstairs
D:5 Blork the orc


Innate Abilities, Weirdness & Mutations

You cannot wear most types of armour.
You are amphibious.
You can wear up to eight rings at the same time.
Your skin changes colour to match your surroundings (Stealth+).
Your rubbery body absorbs attacks. (AC +1, EV +1)
((You are camouflaged near water. (Stealth+)))
You have tentacles for arms and can constrict up to eight enemies at once.


Message History

Unknown command.
Okay, then.
Found a hunting sling.
Found a scroll labelled NUEMIEXK MAAG.
A - a scroll labelled NUEMIEXK MAAG A two-headed ogre and 2 lemures come into view.
The lemure shouts! x2; The two-headed ogre shouts in stereo!
An orc comes into view. It is wielding a +0 falchion.
An orc comes into view. It is wielding a +0 club.
An orc comes into view. It is wielding a +0 short sword.
The hornet buzzes angrily.
You see here a +0 chain mail.
Aiming: Polymorph
Press: ? - help, Shift-Dir - straight line, f - hornet
Aim: a hornet (will become a meliai, a golden eye, or a wyvern, chance to affect: 37%)
The hornet easily resists.
Aiming: Polymorph
Press: ? - help, Shift-Dir - straight line, f/p - hornet
Aim: a hornet (will become a meliai, a golden eye, or a wyvern, chance to affect: 37%)
The hornet evaporates and reforms as a wyvern!
The wyvern bites you! The wyvern bites you!
As you read the scroll labelled WUSIGH XELIWOPYT, it crumbles to dust.
A profound silence engulfs you.
It was a scroll of silence.
The wyvern bites you.
Magic scrolls do not work when you're silenced!
Unknown command.
The wyvern barely misses you. The wyvern bites you!
* * * LOW HITPOINT WARNING * * *
The wyvern closely misses you.
There is an escape hatch in the floor here.
The wyvern misses you.
You slide downwards.
The hatch slams shut behind you.
Found 9 gold pieces and 25 arrows.
It was a potion of degeneration.
There was something very wrong with that liquid.
You feel weakened.
You feel dopey.
You feel clumsy. The wyvern bites you.
You die...

....
##.......
...##........
............
...........
........##
.........
##l.......
#.@.......
#$...#.....
#(8.## ...
#...# . ##..#
##.. ... ...


You could see a wyvern.

Vanquished Creatures
  An ogre (D:4)
  A jelly (D:5)
  A centaur skeleton (D:5)
  A bullfrog skeleton (D:4)
  4 iguanas
  2 orc wizards
  A hound skeleton (D:4)
  5 adders
  2 ufetubi
  An adder skeleton (D:4)
  An adder zombie (D:5)
  6 worms
  4 dart slugs
  10 orcs
  8 ball pythons
  3 bats
  An endoplasm (D:3)
  2 giant cockroaches
  5 goblins
  3 hobgoblins
  4 jackals (D:4)
  4 kobolds
  A quokka (D:1)
  A ball python skeleton (D:3)
  8 frilled lizards
  2 rats (D:1)
82 creatures vanquished.

Vanquished Creatures (others)
  19 plants (D:3)
19 creatures vanquished.

Grand Total: 101 creatures vanquished

Notes
Turn   | Place    | Note
-------+----------+-------------------------------------------
     0 | D:1      | H0rd4k the Octopode Hedge Wizard began the quest for the
                  | Orb.
     0 | D:1      | Reached XP level 1. HP: 11/11 MP: 4/4
    16 | D:1      | Found a faded altar of an unknown god.
    16 | D:1      | Noticed a great orb of eyes
    20 | D:1      | Noticed a shining eye
    26 | D:1      | Noticed a golden eye
    35 | D:1      | Noticed an eye of devastation
   289 | D:1      | Reached XP level 2. HP: 17/17 MP: 0/6
   535 | D:1      | Found Mune's Distillery.
   967 | D:1      | Reached XP level 3. HP: 21/21 MP: 6/8
   970 | D:1      | Learned a level 2 spell: Blink
  2040 | D:3      | Found a shadowy altar of Dithmenos.
  2092 | D:3      | Reached skill level 4 in Spellcasting
  2092 | D:3      | Reached XP level 4. HP: 20/27 MP: 1/10
  3092 | D:3      | Found a glowing golden altar of the Shining One.
  3608 | D:3      | Noticed execc's ghost (amateur OpEn)
  3609 | D:3      | Noticed a kobold brigand
  3610 | D:3      | Found a runed translucent gate.
  3610 | D:3      | Found a runed translucent gate.
  3610 | D:3      | Found a runed translucent gate.
  3654 | D:3      | Reached XP level 5. HP: 31/31 MP: 4/11
  4604 | D:4      | Noticed an ogre
  4616 | D:4      | Killed an ogre
  4617 | D:4      | Reached skill level 5 in Spellcasting
  4617 | D:4      | Reached XP level 6. HP: 37/37 MP: 1/13
  4906 | D:4      | Found a stormy altar of Qazlal.
  5449 | D:4      | Found a sparkling altar of Nemelex Xobeh.
  6043 | D:5      | Entered Level 5 of the Dungeon
  6152 | D:5      | Noticed a sky beast
  6152 | D:5      | Noticed a hornet
  6665 | D:5      | Reached XP level 7. HP: 42/42 MP: 8/15
  6911 | D:5      | Noticed Blork the orc
  6949 | D:5      | Noticed a two-headed ogre
  6984 | D:5      | Noticed a wyvern
  6984 | D:5      | a hornet changed into a wyvern
  6989 | D:5      | HP: 1/42 [wyvern (15)]
  6993 | D:6      | Slain by a wyvern

Illustrated notes

Levels and vault maps discovered:
D:1:      dpeg_arrival_tiny_a, layout_basic,
          hellmonk_ecumenical_altar_watching_god, serial_shops, shop,
          minmay_tromino_v2
D:2:      layout_rooms, minivault_24
D:3:      layout_rooms, mainiacjoe_overflow_alcove_2,
          mainiacjoe_overflow_six_doors_small, serial_bayou,
          serial_bayou_pond_c, serial_bayou_shore_a, serial_bayou_lagoon_a,
          serial_bayou_crossing, gammafunk_ghost_nasty_kobolds, dk_vineyard_2,
          minmay_randomly_rotated_circles
D:4:      layout_cave_pods, mainiacjoe_overflow_chevrons,
          nemelex_xobeh_ov_fountains_minmay
D:5:      layout_cave_pools, minmay_misc_feat_nine_boxes, uniq_pikel,
          uniq_blork_the_orc
D:6:      lemuel_insect_pit, layout_layer_cave, trog_ov_bears_minmay,
          minmay_temple_entry_grid, mrwooster_statue_mirror

Skill      XL: |  1  2  3  4  5  6  7 |
---------------+----------------------+-----
Stealth        | 3 |  3.5
Spellcasting   | 4 5 |  5.8
Conjurations   | 2 3 4 |  4.0
Fighting       | |  0.7
Dodging        | |  2.7
Summonings     | |  1.0
Translocations | |  1.0

Action                   |  1- 3 |  4- 6 |  7- 9 || total
-------------------------+-------+-------+-------++-------
Melee: Dagger            |    13 |     8 |       ||    21
       Constrict         |     4 |     3 |       ||     7
       Tentacles         |     2 |     1 |       ||     3
 Cast: Magic Dart        |   103 |   267 |    14 ||   384
Evoke: Wand              |       |       |     2 ||     2
  Use: Scroll            |       |       |     1 ||     1
       Potion            |       |       |     1 ||     1
Armor: Skin              |     2 |    28 |     4 ||    34
Dodge: Dodged            |    12 |    70 |    11 ||    93
